 Dungeon Crawl Stone Soup version 0.26.1-11-gd32895ea62 (webtiles) character file.

Game seed: 483013388229812292

1576 manyhoops the Wallflower (level 8, 0/66 HPs)
             Began as a Palentonga Transmuter on Apr 20, 2021.
             Was a Follower of Uskayaw.
             Slain by an ogre
             ... wielding a +0 giant club
              (23 damage)
             ... on level 7 of the Dungeon.
             The game lasted 00:12:31 (8672 turns).

manyhoops the Wallflower (Palentonga Transmuter)    Turns: 8672, Time: 00:12:31

Health: 0/66       AC:  2    Str: 15    XL:     8   Next: 60%
Magic:  10/13      EV: 21    Int: 13    God:    Uskayaw [*.....]
Gold:   384        SH:  0    Dex: 17    Spells: 5/11 levels left

rFire    . . .     SeeInvis +     - Unarmed
rCold    + . .     Faith    +   (shield currently unavailable)
rNeg     . . .     Spirit   .   (armour currently unavailable)
rPois    x         Reflect  .   (helmet currently unavailable)
rElec    .         Harm     .   (cloak currently unavailable)
rCorr    .         Rampage  .   (gloves currently unavailable)
Will     .....                  (no barding)
Stlth    ++........             h - amulet of faith
HPRegen  0.21/turn              A - ring of protection from cold
MPRegen  0.13/turn              (no ring)

@: spider-form, hasted, very quick
A: tiny, rugged brown scales 3, see invisible
a: End Transformation, Renounce Religion, Stomp


You were on level 7 of the Dungeon.
You worshipped Uskayaw.
Uskayaw was noncommittal.
You were a venomous arachnid creature.
You visited 1 branch of the dungeon, and saw 7 of its levels.
You also visited: Sewer.

You collected 384 gold pieces.

Inventory:

Armour
 a - a +0 robe (melded)
 g - a +0 kite shield
 k - a +0 pair of gloves (melded)
 B - a +4 scale mail
Jewellery
 h - an amulet of faith (around neck)
 l - an uncursed amulet of guardian spirit
 A - a ring of protection from cold (left front leg)
Wands
 n - a wand of paralysis (6)
 o - a wand of random effects (28)
Scrolls
 c - 2 scrolls of enchant weapon
 f - a scroll of immolation
 q - a scroll of teleportation
 u - a scroll of magic mapping {unknown}
 w - a scroll of enchant armour {unknown}
 x - 2 scrolls of amnesia {unknown}
 y - 2 scrolls of remove curse
 z - 2 scrolls of identify
Potions
 d - 2 potions of flight {unknown}
 e - 2 potions of lignification {unknown}
 i - 2 potions of ambrosia {unknown}
 p - a potion of berserk rage {unknown}
 r - a potion of degeneration
 s - 2 potions of brilliance {unknown}
 t - 2 potions of magic {unknown}
 v - a potion of experience {unknown}


   Skills:
 - Level 2.5 Fighting
 + Level 3.1 Dodging
 - Level 5.2 Unarmed Combat
 - Level 2.0 Spellcasting
 - Level 5.5 Transmutations
 - Level 7.9 Invocations


You had 5 spell levels left.
You knew the following spells:

 Your Spells              Type           Power        Failure   Level
a - Beastly Appendage     Tmut           30%          10%         1
b - Wereblood             Tmut           15%          13%         2
c - Spider Form           Tmut/Pois      4%           45%         3

Your spell library contained the following spells:

 Spells                   Type           Power        Failure   Level
 Sting                    Tmut/Pois      32%          22%         1
 Apportation              Tloc           2%           47%         1
 Corona                   Hex            1%           47%         1
 Foxfire                  Conj/Fire      4%           47%         1
 Pain                     Necr           4%           47%         1
 Blade Hands              Tmut           7%           78%         5
 Ice Form                 Ice/Tmut       8%           82%         4


Dungeon Overview and Level Annotations

Branches:
Dungeon (7/15)             Temple (0/1) D:6           Sewer (visited)

Altars:
Cheibriados
Dithmenos
Elyvilon
Fedhas
Nemelex Xobeh
Uskayaw
Vehumet
Xom
The Shining One

Shops:
D:4 *

Annotations:
D:2 Sigmund
D:6 Maggie
D:7 Joseph


Innate Abilities, Weirdness & Mutations

(You are completely covered in rugged brown scales. (AC +3, +7% HP))
You have supernaturally acute eyesight. (SInv)
((Armour fits poorly on your strangely shaped body.))
((You can roll at nearby foes to attack.))
((You have a long armoured tail.))
((You curl defensively after being hit.))


Message History

An ogre comes into view. It is wielding a +0 giant club.
Okay, then.
Okay, then.
You feel yourself speed up. The ogre closely misses you.
Found 15 stones.
Found a scroll labelled ECIQUCESUA.
You feel better.
You feel better.
Casting: Wereblood (safe; 4% risk of failure)
Confirm with . or Enter, or press ? or * to list all spells.
Okay, then.
Casting: Wereblood (safe; 4% risk of failure)
Confirm with . or Enter, or press ? or * to list all spells.
You turn into a venomous arachnid creature.
Your +0 pair of gloves melds into your body.
Your +0 robe melds into your body.
You hit the ogre.
The ogre is poisoned.
The ogre is lightly wounded.
The ogre hits you with a +0 giant club!!
You die...

.### ####?.#####
#.........###
...........#
#...(......#
#...........
#.......... #.....#
#.## #s.#
#O.##########
#######..##.......##
...................#
...................#
#######............#
#............#
##............##
#.........)...(#


You could see an ogre (very poisoned).

Vanquished Creatures
  2 ice beasts
  An ogre (D:5)
  A centaur (D:7)
  2 bullfrogs (Sewer)
  An elf skeleton (D:5)
  3 wights
  A howler monkey (D:5)
  3 hounds
  An orc priest (D:7)
  A human zombie (D:5)
  3 bullfrog skeletons
  A centaur skeleton (D:5)
  Ijyb (D:5)
  3 human skeletons (D:5)
  Natasha (twice) (D:2)
  6 worker ants
  A hound skeleton (D:5)
  13 adders
  A river rat (D:4)
  A white imp (D:5)
  9 oozes
  2 worms
  2 dart slugs (D:2)
  8 leopard geckos
  3 orcs
  16 giant cockroaches
  12 goblins
  5 hobgoblins
  5 jackals
  3 quokkas
  11 ball pythons
  9 bats
  14 frilled lizards
  A jackal zombie (D:6)
  10 kobolds
  3 orc skeletons (D:5)
  3 orc zombies (D:5)
  6 rats
170 creatures vanquished.

Notes
Turn   | Place    | Note
-------+----------+-------------------------------------------
     0 | D:1      | manyhoops the Palentonga Transmuter began the quest for the
                  | Orb.
     0 | D:1      | Reached XP level 1. HP: 17/17 MP: 3/3
   109 | D:1      | Reached XP level 2. HP: 21/24 MP: 5/5
   821 | D:1      | Reached XP level 3. HP: 29/31 MP: 6/6
  1144 | D:2      | Found a snail-covered altar of Cheibriados.
  1335 | D:2      | Noticed Natasha
  1341 | D:2      | Killed Natasha
  1416 | D:2      | Reached XP level 4. HP: 25/38 MP: 5/7
  1766 | D:2      | Noticed Natasha
  1776 | D:2      | Killed Natasha
  1922 | D:2      | Reached skill level 5 in Unarmed Combat
  2116 | D:2      | Found a glowing golden altar of the Shining One.
  2126 | D:2      | Found a hide-covered altar of Uskayaw.
  2167 | D:2      | Became a worshipper of Uskayaw the Reveller
  2425 | D:2      | Noticed Sigmund
  2430 | D:2      | Reached * piety under Uskayaw
  2476 | D:3      | Reached ** piety under Uskayaw
  2609 | D:3      | Found a faded altar of an unknown god.
  2626 | D:3      | Reached XP level 5. HP: 44/44 MP: 8/8
  2664 | D:3      | Found a blossoming altar of Fedhas.
  2682 | D:3      | Found a shadowy altar of Dithmenos.
  2876 | D:3      | Found a shimmering altar of Xom.
  2961 | D:3      | Learned a level 2 spell: Wereblood
  2965 | D:3      | Learned a level 3 spell: Spider Form
  3480 | D:4      | Found a glowing drain.
  3484 | Sewer    | Entered a sewer
  4059 | Sewer    | Reached XP level 6. HP: 23/53 MP: 5/9
  4072 | Sewer    | Reached *** piety under Uskayaw
  4415 | Sewer    | Reached **** piety under Uskayaw
  4433 | Sewer    | Reached skill level 5 in Transmutations
  5079 | D:4      | Found Ekkaafit's Assorted Antiques.
  5180 | D:4      | Found a radiant altar of Vehumet.
  5233 | D:5      | Entered Level 5 of the Dungeon
  5270 | D:5      | Noticed Ijyb
  5339 | D:5      | Killed Ijyb
  5340 | D:5      | Reached skill level 1 in Invocations
  5595 | D:5      | Gained mutation: You curl defensively after being hit.
                  | [Palentonga growth]
  5595 | D:5      | Reached XP level 7. HP: 50/59 MP: 8/10
  5665 | D:5      | Reached skill level 2 in Invocations
  5761 | D:5      | Reached skill level 3 in Invocations
  5892 | D:5      | Found a white marble altar of Elyvilon.
  5909 | D:5      | Reached skill level 4 in Invocations
  6605 | D:5      | Reached skill level 5 in Invocations
  6911 | D:5      | Reached skill level 6 in Invocations
  7035 | D:5      | Reached XP level 8. HP: 47/66 MP: 12/12
  7612 | D:6      | Reached skill level 7 in Invocations
  7848 | D:6      | Identified Ozaghoz's Introduction to the Arcane Arts
  7902 | D:6      | Found a staircase to the Ecumenical Temple.
  7959 | D:6      | Noticed Maggie
  8543 | D:7      | Found a sparkling altar of Nemelex Xobeh.
  8640 | D:7      | Noticed Joseph
  8672 | D:7      | Slain by an ogre

Illustrated notes

Levels and vault maps discovered:
D:1:      amcnicky_arrival_single_pillar, layout_loops_ring, minmay_domino_4
D:2:      minmay_skewed_foursquare, layout_basic, marbit_many_paths,
          grunt_temple_overflow_open, uniq_natasha, uniq_sigmund
D:3:      layout_rooms, general_overflow_altar,
          nicolae_dithmenos_through_a_glass_darkly, fedhas_altar_3,
          chequers_ecumenical_altar_simple_redux, minivault_25,
          corexii_corridor_pit
D:4:      layout_basic, kennysheep_little_box, gup_sewer_entry_spiral,
          serial_shops, nicolae_shop_behind_doors, roderic_nine_men_s_morris
D:5:      layout_loops_ring, elyvilon_altar_3, nicolae_ossuary_entry_catacombs,
          uniq_ijyb
D:6:      layout_loops_ring, tgw_sif, minmay_temple_entry_offerings, uniq_maggie
D:7:      minmay_the_grid_octo_2x2 [minmay_the_grid_octo_checkerflower,
          minmay_the_grid_octo_pinwheel, minmay_the_grid_octo_toaster,
          minmay_the_grid_octo_prize_star], layout_cave_pods,
          nicolae_overflow_hidden_temple, minmay_crossroads, uniq_joseph,
          uniq_duvessa

Skill      XL: |  1  2  3  4  5  6  7  8 |
---------------+-------------------------+-----
Unarmed Combat | 4 5 |  5.2
Fighting       | 2 |  2.5
Transmutations | 3 5 |  5.5
Invocations    | 1 6 7 |  7.9
Dodging        | 3 |  3.1
Spellcasting   | |  2.0

Action                   |  1- 3 |  4- 6 |  7- 9 || total
-------------------------+-------+-------+-------++-------
Melee: Unarmed           |   105 |   406 |   239 ||   750
       Tailslap          |     9 |    37 |    31 ||    77
       Punch             |     3 |     5 |     4 ||    12
       Kick              |       |     9 |    21 ||    30
       Headbutt          |       |     6 |    13 ||    19
 Cast: Beastly Appendage |     1 |     7 |    11 ||    19
       Wereblood         |       |     4 |     4 ||     8
       Spider Form       |       |       |     1 ||     1
Invok: Stomp             |       |     2 |       ||     2
 Abil: Rolling Charge    |     1 |     6 |     7 ||    14
  Use: Scroll            |     2 |     9 |     3 ||    14
       Potion            |       |     4 |     5 ||     9
 Stab: Sleeping          |     1 |       |     2 ||     3
       Paralysed         |       |     1 |    10 ||    11
       Invisible         |       |     1 |       ||     1
       Distracted        |       |       |     1 ||     1
Armor: Robe              |    50 |   161 |    56 ||   267
Dodge: Dodged            |    57 |   237 |    96 ||   390
